 Dungeon Crawl Stone Soup version 0.27-a0-1290-g15d3ce7508 (webtiles) character file.

Game seed: 5743223715804702040

102 Johnny the Magician (level 4, -2/26 HPs)
             Began as a Deep Elf Earth Elementalist on June 15, 2021.
             Succumbed to a kobold's poison
             ... on level 4 of the Dungeon.
             The game lasted 00:01:53 (1930 turns).

Johnny the Magician (Deep Elf Earth Elementalist)   Turns: 1930, Time: 00:01:54

Health: -2/26      AC:  9    Str:  5    XL:     4   Next: 49%
Magic:  10/11      EV: 12    Int: 21    God:
Gold:   110        SH:  0    Dex: 15    Spells: 9/10 levels left

rFire    . . .     SeeInvis .   j - +2 mace (protect)
rCold    . . .     Faith    .   (no shield)
rNeg     . . .     Spirit   .   c - +0 robe
rPois    .         Reflect  .   (no helmet)
rElec    .         Harm     .   (no cloak)
rCorr    .         Rampage  .   (no gloves)
Will     .....                  (no boots)
Stlth    ++........             (no amulet)
HPRegen  0.08/turn              (no ring)
MPRegen  0.12/turn              (no ring)

@: lethally poisoned (-2 -> -16), under a protective aura
A: no striking features
a: no special abilities


You were on level 4 of the Dungeon.
You visited 1 branch of the dungeon, and saw 5 of its levels.

You collected 110 gold pieces.

Inventory:

Hand Weapons
 j - a +2 mace of protection (weapon)
Missiles
 b - 56 stones
Armour
 c - a +0 robe (worn)
 d - a +0 buckler
Jewellery
 f - a ring of poison resistance
 h - a ring of protection from fire
Scrolls
 i - a scroll of silence
Potions
 a - a potion of degeneration
 e - a potion of might {unknown}


   Skills:
 * Level 2.0 Fighting
 - Level 2.4 Dodging
 - Level 2.4 Stealth
 + Level 1.2 Shields
 + Level 3.9 Spellcasting
 - Level 1.1 Transmutations
 + Level 3.9 Earth Magic


You had 9 spell levels left.
You knew the following spells:

 Your Spells              Type           Power      Damage    Failure   Level
a - Sandblast             Erth           40%        2d10      2%          1

Your spell library contained the following spells:

 Spells                   Type           Power      Damage    Failure   Level
 Passwall                 Tmut/Erth      11%        N/A       6%          2
 Stone Arrow              Conj/Erth      24%        3d8       16%         3
 Petrify                  Tmut/Erth      14%        N/A       38%         4
 Lee's Rapid Deconstruct  Erth           10%        3d9*      54%         5


Dungeon Overview and Level Annotations

Branches:
Dungeon (5/15)
 Temple: D:4-7

Altars:


Message History

An endoplasm is nearby!
An endoplasm is nearby!
An endoplasm is nearby! 2 gnolls come into view.
A gnoll comes into view. It is wielding a +0 club.
The gnoll shouts! x3
A gnoll comes into view. It is wielding a +0 whip.
The gnoll shouts!
The gnoll throws a throwing net.
The throwing net barely misses you.
You see here a throwing net.
The endoplasm quivers.
The gnoll throws a throwing net.
The throwing net closely misses you.
You see here a throwing net.
An endoplasm comes into view.
A kobold comes into view.
It is wielding a +2 short sword of venom.
Found 6 poisoned darts.
Found a club.
Found 8 gold pieces.
A hound skeleton comes into view.
Okay, then.
Okay, then.
As you read the scroll labelled ZOMIWU LUS, it crumbles to dust.
It is a scroll of identify.
i - a scroll of silence
As you read the scroll of identify, it crumbles to dust.
a - a potion of degeneration The kobold hits you with a +2 short sword of venom.
You are poisoned.
You feel sick.
Okay, then.
You feel sick.
You sock the hound skeleton!
Your weapon exudes an aura of protection.
The hound skeleton is moderately damaged.
You feel sick. The hound skeleton bites you.
* * * LOW HITPOINT WARNING * * *
The kobold hits you with a +2 short sword of venom.
* * * LOW HITPOINT WARNING * * *
You are more poisoned.
You die...

#####
##########.....
#.......Z..#
##....gK.@###
###.........#
....##..#####
........g#
......g..#
.#.#..#..# ##
........g####.#
.#...##.g..#..#
......)......##


You could see a gnoll, a kobold and a hound skeleton.

Vanquished Creatures
  An iguana (D:4)
  An orc wizard (D:4)
  6 orcs (D:4)
  4 ball pythons (D:1)
  3 endoplasms
  A giant cockroach (D:1)
  5 goblins (D:1)
  A hobgoblin (D:2)
  4 jackals
  2 quokkas (D:1)
  A bat (D:1)
  A frilled lizard (D:1)
  7 kobolds
  5 rats (D:1)
42 creatures vanquished.

Notes
Turn   | Place    | Note
-------+----------+-------------------------------------------
     0 | D:1      | Johnny the Deep Elf Earth Elementalist began the quest for
                  | the Orb.
     0 | D:1      | Reached XP level 1. HP: 10/10 MP: 6/6
   349 | D:1      | Reached XP level 2. HP: 7/16 MP: 2/8
   618 | D:1      | Reached skill level 1 in Fighting
   792 | D:1      | Found a faded altar of an unknown god.
  1221 | D:2      | Reached XP level 3. HP: 12/20 MP: 0/9
  1483 | D:4      | Reached skill level 1 in Shields
  1488 | D:5      | Entered Level 5 of the Dungeon
  1567 | D:5      | Noticed an ogre
  1583 | D:4      | Reached XP level 4. HP: 15/26 MP: 9/11
  1929 | D:4      | HP: 1/26 [kobold (2)]
  1930 | D:4      | Succumbed to a kobold's poison

Illustrated notes

Levels and vault maps discovered:
D:1:      lightli_arrival_quake, layout_basic, shapermc_ecumenical_altar_gd,
          hangedman_abyss_or_decor_lesser_grid, minmay_pentomino_v2
D:2:      layout_rooms, hex_intersection
D:3:      cheibrodos_thug_alley, layout_rooms, old_standard_altar,
          overflow_temple_1_default, item_on_display_a
D:4:      layout_rooms
D:5:      layout_basic, minmay_temple_entry_statues_fountains

Skill      XL: |  1  2  3  4 |
---------------+-------------+-----
Fighting       | 1 2 |  2.0
Shields        | 1 |  1.2
Dodging        | |  2.4
Stealth        | |  2.4
Spellcasting   | |  3.9
Transmutations | |  1.1
Earth Magic    | |  3.9

Action                   |  1- 3 |  4- 6 || total
-------------------------+-------+-------++-------
Melee: Unarmed           |     2 |       ||     2
       Mace              |       |     1 ||     1
 Cast: Sandblast         |    47 |    17 ||    64
  Use: Scroll            |       |     2 ||     2
Armor: Robe              |     8 |     2 ||    10
Dodge: Dodged            |    23 |     8 ||    31

Table legend: (Time is in decaauts)
 A = Elapsed time spent in this place.
 B = Non-inter-level travel time spent in this place.
 C = Inter-level travel time spent in this place.
 D = Time resting spent in this place.
 E = Time spent auto-exploring this place.
 F = Levels seen in this place.
 G = Mean time per level.
                   A        B        C        D        E       F      G
               +--------+--------+--------+--------+--------+-----+--------+
         Total |   1929 |   1896 |     33 |    581 |   1069 |   5 |  385.8 |
       Dungeon |   1929 |   1896 |     33 |    581 |   1069 |   5 |  385.8 |
               +--------+--------+--------+--------+--------+-----+--------+

Top non-repeatable levels by time:
     D:1: 1207 daAuts
     D:4: 375 daAuts
     D:3: 224 daAuts
     D:5: 82 daAuts
     D:2: 39 daAuts
